 Dungeon Crawl Stone Soup version 0.28-a0-1506-g3893175d92 (webtiles) character file.

Game seed: 570827327553775315

65 Zonian the Magician (level 4, -3/31 HPs)
             Began as a Djinni Ice Elementalist on Jan 14, 2022.
             Slain by an orc (5 damage)
             ... on level 3 of the Dungeon.
             The game lasted 00:03:09 (3337 turns).

Zonian the Magician (Djinni Ice Elementalist)       Turns: 3337, Time: 00:03:11

Health: -3/31      AC:  2    Str:  7    XL:     4   Next: 34%
Gold:   105        EV: 13    Int: 18    God:
                   SH:  0    Dex: 14

rFire   + + .      SeeInvis .   e - +0 dagger
rCold   x . .      Faith    .   (no shield)
rNeg    . . .      Spirit   .   a - +0 robe
rPois   ∞          Reflect  .   (no helmet)
rElec   .          Harm     .   (no cloak)
rCorr   .          Rampage  .   (no gloves)
Will    .....                   (boots unavailable)
Stlth   ++........              (no amulet)
HPRegen 0.10/turn               (no ring)
MPRegen 0.00/turn               (no ring)

@: flying
A: sickness immunity, fire resistance 2, cold vulnerability 1, float, innate
caster, hp casting, extra vitality 1
a: no special abilities


You were on level 3 of the Dungeon.
You visited 1 branch of the dungeon, and saw 3 of its levels.

You collected 105 gold pieces.

Inventory:

Hand Weapons
 e - a +0 dagger (weapon)
Armour
 a - a +0 robe (worn)
Jewellery
 i - a ring of fire
Wands
 c - a wand of charming (4)
Potions
 b - 2 potions of curing
 d - a potion of brilliance {unknown}
 g - a potion of might {unknown}


   Skills:
 + Level 3.2 Dodging
 + Level 2.5 Stealth
 + Level 3.6 Spellcasting


You couldn't memorise any spells.
You knew the following spells:

 Your Spells              Type           Power      Damage    Failure   Level
a - Freeze                Ice            64%        1d8       3%          1
b - Frozen Ramparts       Ice            32%        1d5       10%         3
c - Ozocubu's Armour      Ice            16%        N/A       10%         3
d - Hailstorm             Conj/Ice       16%        3d6       32%         4
e - Summon Small Mammal   Summ           64%        N/A       3%          1
Your spell library was empty.

Dungeon Overview and Level Annotations

Branches:
Dungeon (3/15)

Altars:


Innate Abilities, Weirdness & Mutations

You are immune to sickness and miasma.
You are immune to poison.
Your flesh is very heat resistant. (rF++)
You are vulnerable to cold. (rC-)
You float through the air rather than walking.
You learn spells naturally, not from books.
Your magical power is your life essence.
You have superior vitality. (+4 MHP)


Message History

You miscast Freeze.
You are very lightly contaminated with residual magic.
Nothing appears to happen.
You freeze the worm.
The worm is moderately wounded.
The worm bites you.
You freeze the worm.
The worm is heavily wounded.
You freeze the worm.
The worm is severely wounded.
The worm bites you.
You are too injured to fight recklessly!
You are too injured to fight recklessly!
You are too injured to fight recklessly!
You are too injured to fight recklessly!
You are too injured to fight recklessly!
Casting: Freeze (safe; 3% risk of failure)
Confirm with . or Enter, or press ? or * to list all spells.
Aiming: Freeze (safe; 3% risk of failure)
Press: ? - help, Shift-Dir - straight line, f/p - worm
Aim: a worm (heavily wounded)
You freeze the worm.
The worm is almost dead.
The worm bites you!
* * * LOW HITPOINT WARNING * * *
Your magical contamination has completely faded away.
As you open the door, it creaks loudly!
An orc comes into view. It is wielding a +0 flail.
The orc shouts!
There is an open door here.
Casting: Freeze (safe; 3% risk of failure)
Confirm with . or Enter, or press ? or * to list all spells.
Aiming: Freeze (safe; 3% risk of failure)
Press: ? - help, Shift-Dir - straight line, f - orc, p - worm
Aim: an orc, wielding a +0 flail and wearing a +0 scale mail You freeze the orc.
The orc is moderately wounded.
* * * LOW HITPOINT WARNING * * *
The orc hits you with a +0 flail.
You die...

*,* *,***********,*
*,*****,*<,,,,,,,.#.#
*,,,,,,,*********.#.#
########,,,,,,,,,.#.#### ********
.......#,*****,,,......# *,,,,,,,
######w#,,,,,,,,,......# *,******
* #.#******,,,......# *,*,,,,,
######.##########...####**,*,****
...........w....@o......,,,,,>,,,
######.......####...####**,*,****
## ##.####.# *...# *,*,,,,, .#
##.####.# *...# *,****** .#
#.......# *#### *,,,,,,, .#
#.......# ************** .#
#)......# *,,,,,,,,,*,,, .##
#.......# *,,,,,,,,,*,** ..#
#.......# *,,,,,,,,,*,,,


You could see a worm and an orc.

Vanquished Creatures
  3 adders (D:2)
  An adder skeleton (D:2)
  A dart slug (D:1)
  2 giant cockroaches (D:1)
  4 goblins (D:1)
  2 hobgoblins
  4 jackals
  A kobold (D:1)
  2 quokkas
  5 ball pythons
  3 bats
  5 frilled lizards
  A rat (D:2)
34 creatures vanquished.

Notes
Turn   | Place    | Note
-------+----------+-------------------------------------------
     0 | D:1      | Zonian the Djinni Ice Elementalist began the quest for the
                  | Orb.
     0 | D:1      | Reached XP level 1. HP: 15/15 MP: 0/0
   839 | D:1      | Reached XP level 2. HP: 18/21 MP: 0/0
   897 | D:1      | Found a faded altar of an unknown god.
   897 | D:1      | Noticed a great orb of eyes
   903 | D:1      | Noticed an eye of devastation
   907 | D:1      | Noticed a shining eye
   907 | D:1      | Noticed an eye of devastation
  1536 | D:1      | Reached XP level 3. HP: 21/25 MP: 0/0
  1536 | D:1      | Learned a level 1 spell: Summon Small Mammal
  2304 | D:2      | Reached XP level 4. HP: 19/31 MP: 0/0
  3211 | D:2      | You are sucked into a shaft and drop 1 floor!
  3337 | D:3      | Slain by an orc

Illustrated notes

Levels and vault maps discovered:
D:1:      dpeg_arrival_rooms_with_view, layout_basic,
          hellmonk_ecumenical_altar_watching_god, corexii_corridor_pit,
          minmay_pentomino_q2
D:2:      layout_loops_ring, serial_shops, shop, kennysheep_generic_room_16
D:3:      layout_basic, minmay_cut_off, uniq_grinder

Skill      XL: |  1  2  3 |
---------------+----------+-----
Stealth        | 2 |  2.5
Dodging        | 3 |  3.2
Spellcasting   | |  3.6

Action                   |  1- 3 |  4- 6 || total
-------------------------+-------+-------++-------
Melee: Unarmed           |    15 |       ||    15
       Dagger            |     9 |    32 ||    41
 Cast: Freeze            |    45 |    13 ||    58
  Use: Scroll            |     1 |     5 ||     6
 Stab: Sleeping          |     2 |       ||     2
Armor: Robe              |     9 |     7 ||    16
Dodge: Dodged            |    42 |    22 ||    64

Table legend: (Time is in decaauts)
 A = Elapsed time spent in this place.
 B = Non-inter-level travel time spent in this place.
 C = Inter-level travel time spent in this place.
 D = Time resting spent in this place.
 E = Time spent auto-exploring this place.
 F = Levels seen in this place.
 G = Mean time per level.
                   A        B        C        D        E       F      G
               +--------+--------+--------+--------+--------+-----+--------+
         Total |   3337 |   3306 |     31 |   1155 |   1717 |   3 | 1112.3 |
       Dungeon |   3337 |   3306 |     31 |   1155 |   1717 |   3 | 1112.3 |
               +--------+--------+--------+--------+--------+-----+--------+

Top non-repeatable levels by time:
     D:1: 2019 daAuts
     D:2: 1192 daAuts
     D:3: 125 daAuts
